 Dungeon Crawl Stone Soup version 0.22-a0-69-g116c2a8 (webtiles) character file.

43 shenanigans the Skirmisher (level 3, -6/30 HPs)
             Began as a Barachi Monk on Jan 11, 2018.
             Mangled by a gnoll
             ... wielding a +0 whip
              (8 damage)
             ... on level 1 of the Dungeon.
             The game lasted 00:01:36 (972 turns).

shenanigans the Skirmisher (Barachi Monk)            Turns: 972, Time: 00:01:36

Health: -6/30      AC:  2    Str: 12    XL:     3   Next: 58%
Magic:  3/3        EV: 14    Int: 11    God:
Gold:   80         SH:  0    Dex: 14    Spells: 2/2 levels left

rFire    . . .     SeeInvis .   f - +0 hand axe (chop)
rCold    . . .     Gourm    .   (no shield)
rNeg     . . .     Faith    .   b - +0 robe
rPois    .         Spirit   .   (no helmet)
rElec    .         Reflect  .   (no cloak)
rCorr    .         Harm     .   (no gloves)
MR       .....                  (no boots)
Stlth    ++........             (no amulet)
HPRegen  0.10/turn              (no ring)
MPRegen  0.08/turn              (no ring)

@: lethally poisoned (-6 -> -7), slow
A: +LOS, swims, slowness 1, strong legs 1
a: Hop


You were on level 1 of the Dungeon.
You were hungry.

You visited 1 branch of the dungeon, and saw 2 of its levels.

You collected 80 gold pieces.

Inventory:

Hand Weapons
 a - a +0 hand axe
 f - a +0 hand axe of chopping (weapon)
Armour
 b - a +0 robe (worn)
Scrolls
 h - a scroll of identify {unknown}
 i - a scroll of amnesia {unknown}
Potions
 d - a potion of haste {unknown}
 e - a potion of degeneration {unknown}
 g - a potion of ambrosia {unknown}
Comestibles
 c - 3 rations


   Skills:
 + Level 4.2 Fighting
 + Level 3.7 Axes
 + Level 1.4 Armour
 + Level 3.8 Dodging
 - Level 1.7 Stealth


You had 2 spell levels left.
You didn't know any spells.

Dungeon Overview and Level Annotations

Branches:
Dungeon (2/15)

Altars:


Innate Abilities, Weirdness & Mutations

Shadows flee at your approach. (+LOS)
You can swim through water.
You cover ground slowly.
You can hop short distances.


Message History

You are poisoned.
The adder poisons you! The gnoll misses you. The adder closely misses you.
You hit the adder.
The adder is severely wounded.
You closely miss the gnoll.
You feel sick. The gnoll completely misses you. The adder closely misses you.
You miss the adder.
The adder is severely wounded.
You barely miss the gnoll. The adder bites you. The gnoll barely misses you.
You hit the adder.
You kill the adder!
You barely miss the gnoll. The gnoll hits you with a whip.
* * * LOW HITPOINT WARNING * * *
You feel sick. The gnoll hits you with a whip.
* * * LOW HITPOINT WARNING * * *
Unknown command.
You barely miss the gnoll.
The gnoll is moderately wounded.
The gnoll hits you with a whip!
You die...

##########
#........#
#........# #
#........# ##
#........# ##.
#.>......# #..
#@g......# #..
#........# #..
#........# #..
#........# #..
##........########.
#......##......####
#.....)####........
#......)##..###...#
#.....#..#.## ###.#


You could see a gnoll.

Vanquished Creatures
  An adder (D:1)
  2 dart slugs (D:1)
  A leopard gecko (D:1)
  2 giant cockroaches (D:1)
  7 goblins (D:1)
  4 hobgoblins (D:1)
  2 frilled lizards (D:1)
  4 kobolds (D:1)
  4 rats (D:1)
27 creatures vanquished.

Notes
Turn   | Place    | Note
-------+----------+-------------------------------------------
     0 | D:1      | shenanigans the Barachi Monk began the quest for the Orb.
     0 | D:1      | Reached XP level 1. HP: 18/18 MP: 1/1
    54 | D:1      | Reached XP level 2. HP: 15/25 MP: 2/2
   345 | D:1      | Reached skill level 1 in Armour
   417 | D:1      | Reached skill level 4 in Fighting
   471 | D:1      | Reached XP level 3. HP: 12/30 MP: 3/3
   972 | D:1      | Mangled by a gnoll

Vault maps used:
D:1:      minmay_arrival_semitransparent, columned_hall_lemuel

Skill      XL: |  1  2 |
---------------+-------+-----
Armour         | 1 |  1.4
Fighting       | 4 |  4.2
Axes           | |  3.7
Dodging        | |  3.8
Stealth        | |  1.7

Action                   || total
-------------------------++-------
Melee: Hand axe          ||    72
 Stab: Sleeping          ||     2
Armor: Robe              ||    11
Dodge: Dodged            ||    53

Table legend:
 A = Spawn XP
 B = Non-spawn XP
 C = Spawn XP percentage of total XP
 D = Spawn monster count
 E = Non-spawn monster count
 F = Spawn count percentage of total count
 G = Total turns spent on level
                    A         B        C        D         E        F      G
               +---------+---------+-------+---------+---------+-------+---------
         Total |       0 |      62 |   0.0 |       0 |      27 |   0.0 |   972
               +---------+---------+-------+---------+---------+-------+---------
           D:1 |       0 |      62 |   0.0 |       0 |      27 |   0.0 |   962
               +---------+---------+-------+---------+---------+-------+---------
